AoeStats
← CNZS_98T

Oasis

508457550Analyzed
4v4 RM · 9d ago on Sep 22, 2026· 37m 36s· 8 players
Game mode
Random Map
Map size
Large (8 player)
Population
200
Speed
Normal
Resources
Standard
Victory
Conquest
Starting age
Dark Age
Ending age
Imperial Age
RankedLock teamsTeams togetherTeam positionsShared explorationLock speedFull tech treeHidden civsTurbo modeCheats
Victory
Defeat
🇳🇱 Maya · Netherlands
1957
+11
🇨🇳 Spanish · China
1947
+12
🇨🇳 Franks · China
1924
+12
🇮🇳 Gurjaras · India
1923
+12
🇹🇷 Portuguese · Türkiye
1910
-13
🇨🇱 Bengalis · Chile
1867
-13
🇭🇰 Georgians · Hong Kong SAR China
1856
-12
🇨🇱 Teutons · Chile
1754
-9
Honda
10:35 Feudal Age
14:54 Castle Age
13:20 Double-Bit Axe
14:14 Scale Barding Armor
14:16 Horse Collar
20:11 Chain Barding Armor
23:07 Wheelbarrow
22:51 Husbandry
24:36 Gold Mining
26:33 Stone Mining
26:48 Loom
30:33 Imperial Age
29:01 Heavy Plow
30:02 Padded Archer Armor
30:32 Bow Saw
30:59 Leather Archer Armor
32:16 Chemistry
33:07 Ring Archer Armor
32:58 Ballistics
33:42 Conscription
33:24 Arquebus
35:26 Two-Man Saw
watoncito
6:07 Loom
8:44 Feudal Age
9:50 Double-Bit Axe
17:26 Wheelbarrow
16:33 Horse Collar
20:31 Castle Age
18:58 Gold Mining
23:43 Bow Saw
25:07 Hand Cart
25:34 Hand Cart
31:04 Imperial Age
29:04 Fletching
29:15 Padded Archer Armor
30:23 Bodkin Arrow
30:43 Leather Archer Armor
31:05 Gold Shaft Mining
30:32 Heavy Plow
31:16 Ballistics
32:12 Bracer
33:13 Chemistry
32:51 Leather Archer Armor
35:41 Stone Mining
36:53 Two-Man Saw
36:24 Crop Rotation
36:29 Ring Archer Armor
35:58 Town Watch
37:12 Paiks
37:06 Elite Elephant Archer
LLaRLLi
6:36 Loom
7:02 Loom
9:12 Feudal Age
9:27 Man-at-Arms
13:10 Double-Bit Axe
21:58 Castle Age
21:05 Horse Collar
22:58 Fletching
24:43 Wheelbarrow
32:13 Imperial Age
30:31 Scale Barding Armor
31:39 Chain Barding Armor
32:19 Bloodlines
33:56 Plate Barding Armor
36:43 Cavalier
Hui
6:57 Loom
9:18 Feudal Age
9:30 Man-at-Arms
11:44 Double-Bit Axe
12:26 Horse Collar
15:49 Town Watch
21:32 Castle Age
19:45 Fletching
22:49 Bow Saw
22:55 Bodkin Arrow
23:02 Gold Mining
26:21 Padded Archer Armor
30:31 Wheelbarrow
29:58 Heavy Plow
31:22 Fortified Wall
35:06 Imperial Age
33:26 Hand Cart
33:23 Forging
34:59 Scale Barding Armor
35:05 Bloodlines
35:13 Elite Monaspa
36:30 Conscription
36:13 Husbandry
CNZS_98T
0:30 Loom
10:20 Feudal Age
14:02 Castle Age
12:18 Double-Bit Axe
12:32 Horse Collar
15:02 Bow Saw
20:38 Wheelbarrow
22:52 Fletching
23:33 Town Watch
24:14 Ballistics
24:46 Bodkin Arrow
25:10 Gold Mining
25:11 Stone Mining
30:21 Imperial Age
28:43 Hand Cart
29:16 Stone Shaft Mining
29:41 Padded Archer Armor
30:15 Thumb Ring
31:05 Bracer
32:06 Chemistry
32:33 Two-Man Saw
32:09 Conscription
31:39 Elite Plumed Archer
32:53 Leather Archer Armor
34:05 Ring Archer Armor
34:06 Heavy Plow
35:28 Masonry
35:55 Hoardings
34:52 Sappers
35:33 Capped Ram
37:04 Architecture
36:15 Treadmill Crane
36:25 Siege Ram
_LY_lyx
6:19 Loom
9:30 Feudal Age
10:07 Double-Bit Axe
12:01 Horse Collar
14:29 Wheelbarrow
18:32 Castle Age
16:54 Gold Mining
16:57 Stone Mining
19:25 Bow Saw
19:16 Heavy Plow
19:48 Gold Mining
25:35 Hand Cart
30:37 Town Watch
34:44 Imperial Age
32:26 Fletching
32:53 Padded Archer Armor
33:56 Stone Shaft Mining
35:12 Bodkin Arrow
35:39 Ballistics
36:24 Chemistry
35:46 Conscription
34:57 Sappers
35:52 Supremacy
36:43 Two-Man Saw
37:40 Bombard Tower
DK2
10:31 Feudal Age
14:19 Castle Age
12:43 Double-Bit Axe
13:02 Horse Collar
20:24 Loom
23:32 Loom
23:32 Town Watch
24:05 Scale Barding Armor
24:11 Forging
24:23 Bow Saw
25:12 Wheelbarrow
25:20 Gold Mining
25:20 Stone Mining
30:54 Imperial Age
29:14 Husbandry
29:24 Bloodlines
29:35 Chain Barding Armor
30:12 Iron Casting
32:03 Kshatriyas
31:24 Elite Shrivamsha Rider
32:58 Plate Barding Armor
31:52 Siege Elephant
33:06 Heavy Camel Rider
34:13 Conscription
35:35 Frontier Guards
_LY_Yo
6:16 Loom
9:17 Feudal Age
10:07 Double-Bit Axe
14:30 Town Watch
17:29 Scale Barding Armor
23:46 Castle Age
22:54 Forging
23:04 Gold Mining
24:52 Chain Barding Armor
25:27 Bow Saw
25:38 Husbandry
34:39 Wheelbarrow
35:50 Scale Mail Armor
35:52 Squires
35:38 Arson
38:52 Imperial Age
36:41 Hand Cart
36:34 Stone Mining
37:23 Chain Mail Armor
Connection lost

Rejoining the realm…

Still unreachable

The connection could not be restored.

Session expired

The server has moved on; the page needs a fresh start.